 Dungeon Sprint DCSS version 0.26-a0-708-g17f3b190f9 (webtiles) character file.

Game seed: 2673731919216430235

36740 mhtbhm the Phalangite (level 13, -3/141 HPs)
             Began as a Grey Draconian Berserker on Oct 29, 2020.
             Was the Champion of Trog.
             Hit by a large rock thrown by a stone giant (32 damage)
             ... in the Dungeon (Sprint IX: "|||||||||||||||||||||||||||||").
             The game lasted 00:08:26 (4539 turns).

mhtbhm the Phalangite (Grey Draconian Berserker)    Turns: 4539, Time: 00:08:27

Health: -3/141     AC: 17    Str: 24    XL:     13   Next: 54%
Magic:  13/13      EV: 21    Int:  7    God:    Trog [******]
Gold:   728        SH:  0    Dex: 12    Spells: 12/12 levels left

rFire    + . .     SeeInvis .   a - +6 glaive (vorpal)
rCold    + . .     Faith    .   (shield currently unavailable)
rNeg     . . .     Spirit   .   (armour unavailable)
rPois    .         Reflect  .   (helmet restricted)
rElec    .         Harm     +   s - scarf {harm}
rCorr    .         Rampage  .   l - +1 pair of gloves
MR       .....     NoTele   +   k - +1 pair of boots
Stlth    +++.......             (no amulet)
HPRegen  0.33/turn              C - ring of protection from cold
MPRegen  0.13/turn              z - ring of protection from fire

@: berserk cooldown, slowed, very slow
A: walk through water, unfitting armour, unbreathing, cold-blooded, AC +13
a: Berserk, Trog's Hand, Brothers in Arms, Renounce Religion


You were in the Dungeon.
You worshipped Trog.
Trog was exalted by your worship.
You visited 1 branch You collected 1935 gold pieces.
You spent 1207 gold pieces at shops.

Inventory:

Hand Weapons
 a - a +6 vorpal glaive (weapon)
 y - a +3 glaive of flaming
Missiles
 x - 7 curare-tipped darts (quivered)
Armour
 k - a +1 pair of boots (worn)
 l - a +1 pair of gloves (worn)
 s - a scarf of harm (worn)
Jewellery
 z - a ring of protection from fire (right hand)
 B - an uncursed ring of protection from magic
 C - a ring of protection from cold (left hand)
Wands
 j - a wand of iceblast (10)
Scrolls
 g - 5 scrolls of blinking
 i - 4 scrolls of remove curse
 o - 7 scrolls of fear
 p - 3 scrolls of enchant armour
 r - 2 scrolls of enchant weapon
 t - a scroll of immolation
Potions
 b - 9 potions of curing
 c - 6 potions of heal wounds
 d - 4 potions of haste
 e - 4 potions of magic
 f - 3 potions of berserk rage
 h - a potion of invisibility
 m - a potion of stabbing
 n - 2 potions of might
 u - a potion of flight {unknown}
 v - a potion of resistance
 w - 2 potions of mutation


   Skills:
 + Level 20.6 Fighting
 + Level 23.3 Polearms
 + Level 14.9 Dodging
 + Level 6.8 Stealth
 + Level 1.5 Evocations


You had 12 spell levels left.
You didn't know any spells.
Your spell library was empty.

Dungeon Overview and Level Annotations

Branches:
Dungeon (1/1)

Altars:
Cheibriados
Dithmenos
Elyvilon
Fedhas
Gozag
Hepliaklqana
Kikubaaqudgha
Makhleb
Nemelex Xobeh
Okawaru
Qazlal
Ru
Sif Muna
Trog
Uskayaw
Vehumet
Wu Jian
Xom
Yredelemnul
Zin
The Shining One
Beogh
Jiyva
Lugonu

Shops:
D !*([


Innate Abilities, Weirdness & Mutations

You can walk through water.
Your dull iron-grey scales are very hard. (AC +13)
You cannot fit into any form of body armour.
You can survive without breathing.
You are cold-blooded and may be slowed by cold attacks.


Message History

You are too injured to fight recklessly!
You are too injured to fight recklessly!
You are too injured to fight recklessly!
You are too injured to fight recklessly!
You are too injured to fight recklessly!
You are too injured to fight recklessly!
You are too injured to fight recklessly!
You are too injured to fight recklessly!
You are too injured to fight recklessly!
You are too injured to fight recklessly!
You are too injured to fight recklessly!
Unknown command.
Evoke which item? (* to show all) (? for menu, Esc to quit)
Okay, then.
Your stone giant goes berserk!
The stone giant closely misses you. The stone giant hits you!
* * * LOW HITPOINT WARNING * * *
Unknown command.
The stone giant throws a large rock.
The large rock hits you!!
You die...

▓▓▓▓▓▓▓▓▓▓▓▓▓▓▓▓▓▓▓▓▓▓▓▓▓
............(..C@)CpcTcDC
▓▓▓▓▓▓▓▓▓▓▓▓▓▓▓▓▓▓▓▓▓▓▓▓▓▓▓▓▓▓▓▓▓
.........................)..(.(.(
▓▓▓▓▓▓▓▓▓▓▓▓▓▓▓▓▓▓▓▓▓▓▓▓▓▓▓▓▓▓▓▓▓
.............'.)))))...'.........
▓▓▓▓▓▓▓▓▓▓▓▓▓▓▓▓▓▓▓▓▓▓▓▓▓▓▓▓▓▓▓▓▓
.................................
▓▓▓▓▓▓▓▓▓▓▓▓▓▓▓▓▓▓▓▓▓▓▓▓▓▓▓▓▓▓▓▓▓
.......'....=)))))))).[[[[[.[[..!


You could see a fire dragon, a stone giant, 2 yaktaur captains, a deep troll
shaman, a wizard (fast) and a friendly stone giant (summoned, berserk).

Vanquished Creatures
  A nagaraja (D)
  A fire giant (D)
  Nessos (D)
  A merfolk impaler (D)
  A great orb of eyes (D)
  A rakshasa (D)
  Erolcha (D)
  An ice dragon (D)
  A boulder beetle (D)
  A centaur warrior (D)
  A two-headed ogre (D)
  An anaconda (D)
  4 ogre magi (D)
  A tengu warrior (D)
  A naga sharpshooter (D)
  Sonja (D)
  3 shock serpents (D)
  An iron troll (D)
  A salamander mystic (D)
  2 deep trolls (D)
  A swamp dragon (D)
  A wizard (D)
  2 wolf spiders (D)
  A harpy (D)
  An orc sorcerer (D)
  A necromancer (D)
  2 orc knights (D)
  A cyclops (D)
  2 manticores (D)
  Maurice (D)
  A merfolk siren (D)
  2 black mambas (D)
  An elephant (D)
  4 cane toads (D)
  A demonic crawler (D)
  A freezing wraith (D)
  A yaktaur (D)
  A komodo dragon (D)
  3 merfolk (D)
  A jumping spider (D)
  4 trolls (D)
  A polar bear (shapeshifter) (D)
  4 tyrant leeches (D)
  2 bog bodies (D)
  A snapping turtle (D)
  A blink frog (D)
  2 redbacks (D)
  2 tarantellas (D)
  A basilisk (D)
  2 wraiths (D)
  3 vampire mosquitoes (D)
  A soldier ant (D)
  2 acid dragons (D)
  An ice beast (D)
  A swamp drake (D)
  10 orc warriors (D)
  An ogre (D)
  A phantom (D)
  A boggart (D)
  3 orc priests (D)
  4 orc wizards (D)
  3 adders (D)
  An adder zombie (D)
  4 worms (D)
  A leopard gecko (D)
  8 orcs (D)
  A hobgoblin (D)
  A jackal (D)
  A bat (D)
  A goblin (D)
  2 kobolds (D)
  A quokka skeleton (D)
127 creatures vanquished.

Vanquished Creatures (collateral kills)
  An ice dragon (D)
  A hydra (D)
  An ogre mage (D)
  A black mamba (D)
  3 cane toads (D)
  A komodo dragon (D)
  A yaktaur (D)
  A troll (D)
  A basilisk (D)
  3 water moccasins (D)
  A wolf (D)
  3 bullfrogs (D)
18 creatures vanquished.

Vanquished Creatures (others)
  A deep troll (D)
1 creature vanquished.

Grand Total: 146 creatures vanquished

Notes
Turn   | Place    | Note
-------+----------+-------------------------------------------
     0 | D        | mhtbhm the Draconian Berserker began the quest for the Orb.
     0 | D        | Reached XP level 1. HP: 19/19 MP: 1/1
    12 | D        | Reached ** piety under Trog
    40 | D        | Noticed an orc wizard
    40 | D        | Noticed an ogre
    43 | D        | Killed an orc wizard
    43 | D        | Reached *** piety under Trog
    43 | D        | Reached skill level 5 in Fighting
    43 | D        | Reached skill level 4 in Polearms
    43 | D        | Reached XP level 2. HP: 29/29 MP: 2/2
    43 | D        | Reached XP level 3. HP: 36/36 MP: 3/3
    49 | D        | Reached skill level 5 in Polearms
    55 | D        | Killed an ogre
    55 | D        | Reached **** piety under Trog
    55 | D        | Reached skill level 6 in Polearms
    55 | D        | Reached skill level 5 in Dodging
    55 | D        | Reached XP level 4. HP: 47/47 MP: 4/4
   108 | D        | Found a roughly hewn altar of Beogh.
   108 | D        | Found a snail-covered altar of Cheibriados.
   108 | D        | Found a shadowy altar of Dithmenos.
   108 | D        | Found a white marble altar of Elyvilon.
   108 | D        | Found a blossoming altar of Fedhas.
   108 | D        | Found an opulent altar of Gozag.
   109 | D        | Found a hazy altar of Hepliaklqana.
   110 | D        | Found a viscous altar of Jiyva.
   111 | D        | Found an ancient bone altar of Kikubaaqudgha.
   112 | D        | Found a corrupted altar of Lugonu.
   113 | D        | Found a burning altar of Makhleb.
   114 | D        | Found a sparkling altar of Nemelex Xobeh.
   115 | D        | Found an iron altar of Okawaru.
   116 | D        | Found a stormy altar of Qazlal.
   117 | D        | Found a sacrificial altar of Ru.
   118 | D        | Found a shimmering blue altar of Sif Muna.
   119 | D        | Found a bloodstained altar of Trog.
   120 | D        | Found a hide-covered altar of Uskayaw.
   121 | D        | Found a radiant altar of Vehumet.
   122 | D        | Found an ornate altar of the Wu Jian Council.
   123 | D        | Found a shimmering altar of Xom.
   124 | D        | Found a basalt altar of Yredelemnul.
   125 | D        | Found a glowing silver altar of Zin.
   126 | D        | Found a glowing golden altar of the Shining One.
   163 | D        | Noticed a phantom
   165 | D        | Reached XP level 5. HP: 52/52 MP: 5/5
   175 | D        | Killed a phantom
   175 | D        | Reached skill level 7 in Polearms
   176 | D        | Reached ***** piety under Trog
   293 | D        | Noticed a wraith
   293 | D        | Noticed a vampire mosquito
   293 | D        | Noticed a wraith
   293 | D        | Noticed an acid dragon
   293 | D        | Noticed a vampire mosquito
   293 | D        | Noticed an ice beast
   301 | D        | Killed a wraith
   301 | D        | Reached skill level 9 in Polearms
   301 | D        | Reached XP level 6. HP: 63/63 MP: 6/6
   307 | D        | Killed a vampire mosquito
   310 | D        | Killed a wraith
   310 | D        | Reached skill level 10 in Fighting
   310 | D        | Reached skill level 10 in Polearms
   310 | D        | Your scales start taking on a dull iron-grey colour.
   310 | D        | Reached XP level 7. HP: 66/73 MP: 7/7
   310 | D        | Gained mutation: You can survive without breathing. [Grey
                  | Draconian growth]
   315 | D        | Killed a vampire mosquito
   315 | D        | Reached skill level 11 in Polearms
   678 | D        | Noticed a basilisk
   678 | D        | Noticed a cane toad
   678 | D        | Noticed a cane toad
   694 | D        | Killed a basilisk
   694 | D        | Reached XP level 8. HP: 58/82 MP: 8/8
   697 | D        | Noticed a cane toad
   699 | D        | Killed a cane toad
   699 | D        | Reached skill level 12 in Polearms
   699 | D        | Received a gift from Trog
   702 | D        | Killed a cane toad
   704 | D        | Killed a cane toad
   708 | D        | Reached ****** piety under Trog
   708 | D        | Reached skill level 13 in Polearms
   960 | D        | Noticed an elephant
   960 | D        | Noticed a komodo dragon
   960 | D        | Noticed a cane toad
   960 | D        | Noticed a black mamba
   960 | D        | Noticed a five-headed hydra
   966 | D        | Killed an elephant
   966 | D        | Reached skill level 10 in Dodging
   966 | D        | Reached XP level 9. HP: 91/91 MP: 9/9
   970 | D        | Killed a komodo dragon
   970 | D        | Reached skill level 1 in Stealth
   975 | D        | Killed a cane toad
   975 | D        | Received a gift from Trog
   975 | D        | Reached skill level 14 in Polearms
   983 | D        | Noticed a komodo dragon
   986 | D        | Killed a 12-headed hydra
   986 | D        | Killed a black mamba
   989 | D        | Reached skill level 15 in Polearms
   990 | D        | Killed a komodo dragon
  1302 | D        | Noticed a tyrant leech
  1302 | D        | Noticed a tyrant leech
  1302 | D        | Noticed a tyrant leech
  1306 | D        | Killed a tyrant leech
  1306 | D        | Received a gift from Trog
  1307 | D        | Noticed a tyrant leech
  1311 | D        | Killed a tyrant leech
  1311 | D        | Reached XP level 10. HP: 101/101 MP: 10/10
  1495 | D        | Received a gift from Trog
  1520 | D        | Received a gift from Trog
  1857 | D        | Noticed an orc sorcerer
  1857 | D        | Noticed an orc knight
  1857 | D        | Noticed an orc knight
  1859 | D        | Paralysed by an orc sorcerer for 6 turns
  1861 | D        | Noticed an orange demon
  1868 | D        | Killed an orc sorcerer
  1868 | D        | Reached skill level 16 in Polearms
  1875 | D        | Killed an orc knight
  1878 | D        | Killed an orc knight
  1891 | D        | Received a gift from Trog
  1898 | D        | Reached skill level 17 in Polearms
  2089 | D        | Found Xowkoyma's Distillery.
  2089 | D        | Noticed an iron troll
  2089 | D        | Noticed a deep troll
  2091 | D        | Noticed an ogre mage
  2107 | D        | Killed an iron troll
  2107 | D        | Received a gift from Trog
  2107 | D        | Reached XP level 11. HP: 111/111 MP: 11/11
  2111 | D        | Killed a deep troll
  2114 | D        | Reached skill level 15 in Fighting
  2115 | D        | Found Lil Xofo's Assorted Antiques.
  2121 | D        | Killed an ogre mage
  2121 | D        | Reached skill level 18 in Polearms
  2122 | D        | Noticed an ogre mage
  2180 | D        | Found Baopesh's Weapon Emporium.
  2181 | D        | Noticed an ogre mage
  2182 | D        | Found Ucymmefo's Antique Armour Shoppe.
  2183 | D        | Noticed a deep troll
  2185 | D        | Noticed an ogre mage
  2187 | D        | Killed an ogre mage
  2188 | D        | Noticed an ogre mage
  2193 | D        | Killed an ogre mage
  2193 | D        | Received a gift from Trog
  2193 | D        | Noticed a deep troll
  2200 | D        | Killed a deep troll
  2205 | D        | Killed an ogre mage
  2205 | D        | Reached skill level 19 in Polearms
  2211 | D        | Killed a deep troll
  2220 | D        | Killed an ogre mage
  2266 | D        | Got a bone glaive {god gift}
  2267 | D        | Identified the +2 glaive "Lewiyfud" {vorpal, rN+++ MR+
                  | Str-4 Dex+4} (Trog gifted it to you in the Dungeon)
  2281 | D        | Bought a runed scarf for 176 gold pieces
  2285 | D        | Bought a scroll labeled SELLEW KEYT for 25 gold pieces
  2285 | D        | Bought a scroll of blinking for 187 gold pieces
  2285 | D        | Bought an inky potion for 22 gold pieces
  2285 | D        | Bought a scroll of enchant armour for 187 gold pieces
  2287 | D        | Bought a potion of berserk rage for 50 gold pieces
  2287 | D        | Bought a potion of heal wounds for 50 gold pieces
  2287 | D        | Bought 2 potions of heal wounds for 100 gold pieces
  2287 | D        | Bought a potion of curing for 30 gold pieces
  2287 | D        | Bought a potion of resistance for 100 gold pieces
  2287 | D        | Bought a potion of haste for 100 gold pieces
  2287 | D        | Bought 2 potions of heal wounds for 100 gold pieces
  2287 | D        | Bought a potion of mutation for 80 gold pieces
  2523 | D        | Noticed Sonja
  2558 | D        | Noticed Maurice
  2561 | D        | Noticed Erolcha
  2566 | D        | Killed Maurice
  2575 | D        | Killed Erolcha
  2575 | D        | Received a gift from Trog
  2581 | D        | Killed Sonja
  2791 | D        | Noticed a centaur warrior
  2791 | D        | Noticed a two-headed ogre
  2793 | D        | Reached skill level 20 in Polearms
  2793 | D        | Reached skill level 5 in Stealth
  2796 | D        | Killed a centaur warrior
  2798 | D        | Reached XP level 12. HP: 124/124 MP: 12/12
  2801 | D        | Killed a two-headed ogre
  2802 | D        | Received a gift from Trog
  2804 | D        | Noticed a great orb of eyes
  2816 | D        | Killed a great orb of eyes
  2820 | D        | Noticed an ice dragon
  2825 | D        | Received a gift from Trog
  2828 | D        | Reached skill level 21 in Polearms
  2830 | D        | Killed an ice dragon
  2867 | D        | Got an encrusted halberd {god gift}
  2868 | D        | Identified the +6 halberd of Pragmatism {vorpal, Str+6}
                  | (Trog gifted it to you in the Dungeon)
  3298 | D        | Noticed a merfolk impaler
  3311 | D        | Killed a merfolk impaler
  3326 | D        | Received a gift from Trog
  3585 | D        | Noticed a boulder beetle
  3595 | D        | Killed a boulder beetle
  3595 | D        | Received a gift from Trog
  3787 | D        | Reached skill level 22 in Polearms
  3797 | D        | Received a gift from Trog
  3802 | D        | Reached skill level 1 in Evocations
  3802 | D        | Reached XP level 13. HP: 137/137 MP: 13/13
  3846 | D        | Noticed a nagaraja
  3854 | D        | Killed a nagaraja
  3854 | D        | Received a gift from Trog
  3874 | D        | Received a gift from Trog
  4295 | D        | Noticed Nessos
  4304 | D        | Killed Nessos
  4304 | D        | Reached skill level 23 in Polearms
  4509 | D        | Noticed a fire giant
  4509 | D        | Noticed a stone giant
  4514 | D        | Killed a fire giant
  4523 | D        | Received a gift from Trog
  4534 | D        | Noticed a fire dragon
  4535 | D        | Noticed a stone giant
  4539 | D        | Hit by a large rock thrown by a stone giant

Illustrated notes

Levels and vault maps discovered:
D:        linesprint [early_d, line_temple, items_1, d_10, items_2, lair_1,
          lair_end, items_3, orc_1, orc_end, items_4, d_15, swamp_1, shoals_1,
          snake_1, spider_1, d_20, vaults_1, items_5, swamp_end, shoals_end,
          snake_end, spider_end, vaults_end, d_27, items_6, zot_1, zot_end,
          crypt_end, forest_end, elf_end, slime_end, tomb_end, abyss_end,
          pan_hell_end]

Skill      XL: |  1  2  3  4  5  6  7  8  9 10 11 12 13 |
---------------+----------------------------------------+-----
Dodging        | 4 5 7 8 9 10 11 12 13 14 | 14.9
Fighting       | 5 7 9 10 11 12 13 14 16 19 20 | 20.6
Polearms       | 4 6 9 10 11 13 15 17 20 22 23 | 23.3
Stealth        | 2 4 5 6 |  6.8
Evocations     | 1 |  1.5

Action                   |  1- 3 |  4- 6 |  7- 9 | 10-12 | 13-15 || total
-------------------------+-------+-------+-------+-------+-------++-------
Melee: Spear             |    28 |       |       |       |       ||    28
       Tailslap          |     4 |     3 |     6 |    34 |     7 ||    54
       Halberd           |       |    28 |    50 |   129 |    31 ||   238
       Glaive            |       |       |       |   138 |    27 ||   165
Invok: Berserk           |     1 |     2 |     3 |     8 |     2 ||    16
       Brothers in Arms  |       |       |     2 |     2 |     1 ||     5
Evoke: Wand              |       |       |       |     1 |       ||     1
  Use: Potion            |       |       |     1 |     1 |       ||     2
       Scroll            |       |       |       |       |     1 ||     1
 Stab: Sleeping          |       |       |     1 |     1 |       ||     2
Armor: Skin              |     3 |     5 |    33 |    52 |     5 ||    98
Dodge: Dodged            |     9 |     8 |    56 |   131 |    19 ||   223

Table legend: (Time is in decaauts)
 A = Elapsed time spent in this place.
 B = Non-inter-level travel time spent in this place.
 C = Inter-level travel time spent in this place.
 D = Time resting spent in this place.
 E = Time spent auto-exploring this place.
 F = Levels seen in this place.
 G = Mean time per level.
                   A        B        C        D        E       F      G
               +--------+--------+--------+--------+--------+-----+--------+
         Total |   4576 |   4576 |      0 |   2531 |    859 |   1 | 4576.0 |
       Dungeon |   4576 |   4576 |      0 |   2531 |    859 |   1 | 4576.0 |
               +--------+--------+--------+--------+--------+-----+--------+

Top non-repeatable levels by time:
       D: 4576 daAuts
